AoeStats
← manfred_da_pig

MegaRandom

505419225Analyzed
2v2 RM · 24d ago on Sep 9, 2026· 46m 53s· 4 players
Game mode
Random Map
Map size
Medium (4 player)
Population
200
Speed
Normal
Resources
Standard
Victory
Conquest
Starting age
Dark Age
Ending age
Imperial Age
RankedLock teamsTeams togetherTeam positionsShared explorationLock speedFull tech treeHidden civsTurbo modeCheats
Victory
Defeat
🇩🇪 Britons · Germany
1474
+10
🇨🇳 Mongols · China
1309
+17
🇦🇷 Bulgarians · Argentina
1348
-14
🇨🇳 Bohemians · China
1316
-13
农夫累
10:29 Loom
12:20 Feudal Age
16:25 Castle Age
14:20 Double-Bit Axe
17:20 Bow Saw
20:13 Gold Mining
22:18 Wheelbarrow
24:21 Scale Barding Armor
25:32 Stone Mining
26:04 Chain Barding Armor
25:46 Husbandry
27:46 Hand Cart
29:25 Gold Shaft Mining
30:18 Chain Barding Armor
31:06 Bloodlines
34:18 Forging
36:42 Imperial Age
35:34 Stone Shaft Mining
35:35 Iron Casting
34:55 Horse Collar
35:42 Heavy Plow
36:43 Cavalier
38:26 Blast Furnace
37:47 Conscription
37:17 Light Cavalry
38:18 Town Watch
38:25 Fletching
39:37 Bodkin Arrow
39:05 Hussar
40:43 Bracer
42:06 Padded Archer Armor
43:08 Chemistry
42:28 Ballistics
43:07 Leather Archer Armor
43:04 Masonry
42:59 Siege Engineers
42:52 Capped Ram
44:13 Elite Mangudai
44:56 Siege Ram
45:58 Drill
45:57 Thumb Ring
46:28 Parthian Tactics
manfred_da_pig
10:10 Loom
11:56 Feudal Age
14:35 Double-Bit Axe
16:41 Gold Mining
18:17 Fletching
18:28 Padded Archer Armor
19:43 Wheelbarrow
21:02 Town Watch
24:43 Castle Age
25:48 Bodkin Arrow
25:19 Crossbowman
26:33 Ballistics
27:58 Horse Collar
30:42 Bow Saw
35:56 Leather Archer Armor
40:02 Imperial Age
39:04 Hand Cart
40:57 Yeomen
40:04 Arbalester
40:45 Bracer
42:03 Chemistry
42:00 Conscription
46:28 Ring Archer Armor
45:42 Treadmill Crane
46:13 Masonry
46:08 Siege Engineers
勇敢牛牛
11:10 Loom
13:26 Feudal Age
17:30 Castle Age
18:52 Double-Bit Axe
35:55 Imperial Age
37:07 Wheelbarrow
36:50 Bow Saw
36:28 Horse Collar
36:16 Elite Hussite Wagon
37:23 Wagenburg Tactics
37:50 Conscription
39:19 Hand Cart
40:06 Ballistics
40:46 Chemistry
43:26 Light Cavalry
44:06 Husbandry
44:20 Forging
44:16 Scale Barding Armor
45:26 Iron Casting
46:11 Chain Barding Armor
46:52 Blast Furnace
ICAC
5:14 Loom
10:45 Loom
16:56 Feudal Age
22:57 Castle Age
22:20 Double-Bit Axe
22:17 Horse Collar
26:01 Fletching
31:03 Bow Saw
37:57 Imperial Age
35:50 Gold Mining
35:52 Stone Mining
35:41 Pikeman
36:34 Scale Mail Armor
37:18 Forging
38:13 Iron Casting
38:09 Squires
37:56 Arson
38:28 Chain Mail Armor
46:03 Halberdier
Connection lost

Rejoining the realm…

Still unreachable

The connection could not be restored.

Session expired

The server has moved on; the page needs a fresh start.